Map: Pride of Altaris LE

Players

Lambo - Winner!

  • Race: Zerg Zerg

Nina

  • Race: Protoss Protoss
  • League: Grandmaster

Event: DreamHack SC2 Masters Last Chance 2022

VOD

Have the link to the VOD?

Description

Time

  • Played on: Dec. 19, 2021, 6:16 p.m.
  • Length: 8:31

All games in this series

Show
View Real Time Build Order
Export as new Build Order

Lambo Zerg - Winner!

Build Orders: Hatch First 

Get SALT Encoding   

  12  0:00  Drone  
  13  0:12  Overlord  
  13  0:18  Drone  
  14  0:30  Drone x2  
  14  0:34  Drone  
  17  0:53  Hatchery  
  17  0:55  Drone  
  17  0:58  Drone  
  18  1:08  Extractor  
  17  1:12  Spawning Pool  
  17  1:15  Drone  
  17  1:18  Drone  
  18  1:28  Drone  
  19  1:44  Drone  
  20  1:52  Overlord  
  20  1:59  Queen  
  22  2:04  Queen  
  22  2:06  Drone  
  22  2:07  Zergling x2  
  26  2:11  Metabolic Boost  
  26  2:16  Drone  
  26  2:20  Drone  
  28  2:27  Drone  
  29  2:30  Zergling x2  
  29  2:33  Drone  
  31  2:39  Drone  
  31  2:41  Hatchery  
  31  2:45  Queen  
  31  2:48  Overlord  
  33  2:52  Drone  
  34  2:59  Drone  
  34  3:01  Drone  
  36  3:06  Queen  
  36  3:11  Drone x2  
  40  3:14  Drone  
  40  3:15  Drone x3  
  40  3:17  Overlord  
  44  3:23  Overlord  
  44  3:34  Overlord  
  44  3:35  Queen  
  44  3:36  Overlord  
  44  3:37  Zergling x4  
  44  3:40  Roach Warren  
  47  3:42  Zergling x6  
  47  3:46  Drone  
  51  3:54  Drone x2, Queen, Spore Crawler, Extractor  
  53  3:56  Drone  
  53  4:01  Drone x2  
  53  4:02  Overlord  
  56  4:05  Drone x2  
  56  4:09  Spore Crawler  
  57  4:12  Zergling x4  
  57  4:14  Drone  
  60  4:21  Drone x3  
  60  4:24  Lair, Spore Crawler  
  62  4:27  Overlord  
  62  4:29  Overlord  
  62  4:30  Zergling x2  
  63  4:35  Zergling x4  
  64  4:43  Zergling x2  
  63  4:47  Zergling x12  
  69  4:56  Overlord  
  69  4:59  Drone x4  
  73  5:02  Overlord  
  71  5:12  Spore Crawler  
  69  5:14  Overlord  
  69  5:16  Drone x2  
  69  5:20  Drone x2  
  72  5:27  Roach x3  
  77  5:31  Drone x5  
  77  5:34  Extractor  
  78  5:36  Overseer  
  78  5:39  Drone x3  
  78  5:42  Roach x2  
  85  5:49  Glial Reconstitution  
  85  5:50  Extractor  
  85  5:51  Drone x2  
  85  5:52  Extractor x2  
  85  5:53  Roach  
  86  6:00  Evolution Chamber  
  86  6:03  Roach, Overlord  
  86  6:04  Roach x4  
  95  6:09  Roach x3  
  100  6:15  Roach x2  
  103  6:20  Roach x4  
  103  6:24  Roach  
  107  6:28  Drone x2  
  107  6:32  Roach x2  
  113  6:34  Drone  
  113  6:38  Drone x4, Overseer  
  118  6:41  Drone x2  
  120  6:50  Roach x4  
  120  6:52  Hatchery  
  127  6:55  Overlord  
  127  6:56  Overlord  
  127  6:57  Overlord  
  127  7:01  Overlord  
  127  7:02  Overlord x2  
  127  7:05  Overlord  
  127  7:06  Overlord  
  126  7:08  Overlord  
  126  7:10  Overlord  
  126  7:13  Overlord  
  125  7:17  Ravager x3, Roach x3  
  125  7:18  Ravager  
  125  7:21  Roach x4  
  143  7:31  Roach x5  
  143  7:33  Roach x2  
  143  7:34  Roach  
  159  7:43  Roach x3  
  160  7:49  Overseer  
  160  7:50  Roach  
  161  7:55  Ravager x2  
  161  7:56  Zergling x4  
  165  7:59  Roach x2  
  165  8:03  Zergling x12  
  175  8:08  Zergling x2  
  175  8:10  Zergling x2  
Show
View Real Time Build Order
Export as new Build Order

Nina Protoss 

Build Orders: 1 Gate Expand, Zealot Archon, Archon Drop, Dark Templar Rush 

Get SALT Encoding   

  12  0:00  Probe  
  13  0:12  Probe  
  14  0:22  Pylon  
  14  0:24  Probe  
  15  0:41  Gateway, Probe (Chrono Boost)  
  16  0:49  Probe (Chrono Boost)  
  17  0:51  Assimilator  
  17  0:55  Probe  
  18  1:07  Probe  
  19  1:19  Probe  
  19  1:25  Nexus  
  20  1:35  Cybernetics Core  
  20  1:38  Probe  
  21  1:47  Assimilator  
  21  1:50  Probe  
  22  1:57  Pylon  
  22  2:02  Probe  
  23  2:15  Stalker, Probe  
  24  2:17  Warp Gate  
  26  2:27  Probe  
  27  2:32  Twilight Council  
  27  2:38  Probe  
  27  2:39  Probe (Chrono Boost)  
  29  2:47  Adept  
  29  2:50  Probe (Chrono Boost)  
  33  2:51  Probe (Chrono Boost)  
  34  2:59  Probe (Chrono Boost)  
  34  3:00  Robotics Facility, Probe (Chrono Boost)  
  34  3:04  Probe (Chrono Boost)  
  35  3:05  Probe (Chrono Boost)  
  37  3:16  Probe (Chrono Boost), Dark Shrine  
  39  3:23  Probe (Chrono Boost)  
  39  3:26  Probe (Chrono Boost)  
  40  3:30  Probe (Chrono Boost)  
  40  3:31  Probe (Chrono Boost)  
  44  3:38  Gateway  
  44  3:41  Gateway  
  44  3:42  Probe  
  46  3:48  Pylon  
  46  3:49  Warp Prism (Chrono Boost)  
  46  3:53  Probe  
  46  3:55  Pylon  
  46  4:02  Assimilator  
  46  4:06  Probe x2  
  46  4:09  Adept  
  50  4:15  Assimilator  
  50  4:16  Pylon  
  48  4:18  Probe x2  
  48  4:23  Observer (Chrono Boost), Pylon  
  51  4:30  Probe x2  
  53  4:38  Adept  
  53  4:39  Dark Templar x2  
  53  4:43  Probe  
  58  4:47  Probe  
  59  4:55  Probe  
  59  4:59  Probe  
  60  5:01  Adept  
  61  5:07  Probe  
  61  5:11  Probe  
  61  5:15  Dark Templar  
  61  5:16  Dark Templar  
  61  5:19  Probe  
  66  5:34  Nexus, Probe  
  65  5:35  Pylon  
  65  5:37  Immortal (Chrono Boost)  
  65  5:40  Probe  
  69  5:47  Probe  
  70  5:52  Probe, Dark Templar  
  70  5:55  Archon  
  70  5:56  Dark Templar  
  75  5:57  Zealot  
  75  5:59  Probe  
  75  6:00  Archon, Pylon  
  75  6:03  Gateway  
  75  6:04  Gateway  
  78  6:06  Gateway  
  78  6:11  Probe  
  78  6:13  Immortal (Chrono Boost)  
  78  6:15  Probe  
  81  6:25  Probe  
  81  6:29  Robotics Bay  
  81  6:39  Nexus, Sentry  
  83  6:40  Zealot  
  83  6:43  Probe  
  83  6:44  Pylon  
  83  6:45  Pylon x2  
  83  6:46  Pylon  
  86  6:47  Pylon  
  86  7:02  Immortal (Chrono Boost), Probe x2  
  86  7:03  Zealot x4  
  86  7:08  Shield Battery  
  100  7:10  Shield Battery  
  100  7:14  Probe  
  101  7:15  Dark Templar x2  
  101  7:18  Probe  
  106  7:25  Forge  
  106  7:26  Probe  
  107  7:30  Probe, Sentry x2  
  107  7:35  Pylon  
  112  7:38  Probe  
  112  7:42  Probe  
  114  7:44  Disruptor (Chrono Boost)  
  114  7:53  Assimilator  
  114  7:54  Assimilator  
  116  8:00  Zealot x3  
  119  8:11  Zealot x3  
  111  8:27  Zealot x3  

Tags
 
Add a new tag
Caveats
  • Supply blocks, unpowered buildings, or Contaminate may cause inaccurate times.
  • Supply counts are checked every 10 seconds.